 Dungeon Crawl Stone Soup version 0.28-a0-1080-g05a166d0ed (webtiles) character file.

Game seed: 3723962296484113859

4 Adrian566 the Cudgeller (level 1, 22/22 HPs)
             Began as a Troll Monk on Dec 9, 2021.
             Was a Believer of Okawaru.
             Quit the game on level 1 of the Dungeon.
             The game lasted 00:00:26 (96 turns).

Adrian566 the Cudgeller (Troll Monk)                  Turns: 96, Time: 00:00:27

Health: 22/22      AC:  4    Str: 18    XL:     1   Next: 50%
Magic:  0/0        EV: 10    Int:  6    God:    Okawaru [**....]
Gold:   9          SH:  0    Dex: 12    Spells: 0/0 levels left

rFire   . . .      SeeInvis .   a - +0 mace
rCold   . . .      Faith    .   (no shield)
rNeg    . . .      Spirit   .   b - +0 robe
rPois   .          Reflect  .   (helmet restricted)
rElec   .          Harm     .   (no cloak)
rCorr   .          Rampage  .   (gloves unavailable)
Will    .....                   (boots unavailable)
Stlth   ++........              (no amulet)
HPRegen 0.87/turn               (no ring)
MPRegen 0.07/turn               (no ring)

@: no status effects
A: large, unfitting armour, claws 3, regeneration 1, shaggy fur 1, tough skin 1
a: Renounce Religion, Heroism


You were on level 1 of the Dungeon.
You worshipped Okawaru.
Okawaru was pleased with you.
You visited 1 branch of the dungeon, and saw 1 of its levels.

You collected 9 gold pieces.

Inventory:

Hand Weapons
 a - a +0 mace (weapon)
Armour
 b - a +0 robe (worn)
Scrolls
 c - a scroll of identify {unknown}
Potions
 d - a potion of curing {unknown}


   Skills:
 + Level 2.5 Fighting
 + Level 2.8 Maces & Flails
 + Level 2.4 Dodging
 + Level 1.0 Stealth


You couldn't memorise any spells.
You didn't know any spells.
Your spell library was empty.

Dungeon Overview and Level Annotations

Branches:
Dungeon (1/15)

Altars:
Okawaru


Innate Abilities, Weirdness & Mutations

You are too large for most types of armour.
You have claws for hands.
Your natural rate of healing is unusually fast.
You are covered in fur. (AC +1)
You have tough skin. (AC +1)


Message History

You hit the bat.
You kill the bat!
No target in view!
No target in view!
No target in view!
No target in view!
No target in view!
No target in view!
No target in view!
No target in view!
No target in view!
You see here a bat corpse.
c - a scroll labelled SINEAFY QESEAN
Found 16 arrows.
Found a faded altar of an unknown god.
No target in view!
No target in view!
No target in view!
No target in view!
No target in view!
No target in view!
No target in view!
No target in view!
No target in view!
No target in view!
No target in view!
No target in view!
No target in view!
The great orb of eyes turns its gaze towards you.
The floating eye turns its gaze towards you.
The great orb of eyes turns its gaze towards you.
You now have 9 gold pieces.
d - a cyan potion A bat comes into view.
There is a faded altar of an unknown god here.
You cannot tell which god this altar belongs to.
Convert to them anyway?
Okawaru accepts your prayer! Okawaru welcomes you!
You can now gain great but temporary skills.
You offer a prayer to Okawaru.
Are you sure you want to abandon this character and quit the game? (Confirm with "yes".)

#####.#. ..#...........
..........#b .# #...
...... .# ..###...###..
###### #.#G#...#G#.#####
#....#
###.###...###......
#.≈≈.###.................
'.≈≈.'.##....(._@....#
'.≈≈.'<###...........#
#.≈≈.### #.###...###.#
#....#####.#G#...#G# #
######.....###...###.# .#
#######...........# ##
#.# #####..###### # #.#
##.######## # #.#
#.........#


You could see 2 great orbs of eyes, a floating eye and a golden eye.

Vanquished Creatures
  A bat (D:1)
  A goblin (D:1)
  A hobgoblin (D:1)
3 creatures vanquished.

Notes
Turn   | Place    | Note
-------+----------+-------------------------------------------
     0 | D:1      | Adrian566 the Troll Monk began the quest for the Orb.
     0 | D:1      | Reached XP level 1. HP: 22/22 MP: 0/0
    63 | D:1      | Found a faded altar of an unknown god.
    65 | D:1      | Noticed a great orb of eyes
    65 | D:1      | Noticed a golden eye
    66 | D:1      | Noticed a floating eye
    66 | D:1      | Noticed a great orb of eyes
    94 | D:1      | Prayed at the altar of an unknown god.
    94 | D:1      | Became a worshipper of Warmaster Okawaru
    94 | D:1      | Reached * piety under Okawaru
    94 | D:1      | Reached ** piety under Okawaru
    96 | D:1      | Quit the game

Illustrated notes

Levels and vault maps discovered:
D:1:      lightli_arrival_lavapool, layout_loops_ring,
          hellmonk_ecumenical_altar_watching_god

Action                   || total
-------------------------++-------
Melee: Mace              ||     4
Armor: Robe              ||     2
Dodge: Dodged            ||     1

Table legend: (Time is in decaauts)
 A = Elapsed time spent in this place.
 B = Non-inter-level travel time spent in this place.
 C = Inter-level travel time spent in this place.
 D = Time resting spent in this place.
 E = Time spent auto-exploring this place.
 F = Levels seen in this place.
 G = Mean time per level.
                   A        B        C        D        E       F      G
               +--------+--------+--------+--------+--------+-----+--------+
         Total |     97 |     97 |      0 |      0 |     70 |   1 |   97.0 |
       Dungeon |     97 |     97 |      0 |      0 |     70 |   1 |   97.0 |
               +--------+--------+--------+--------+--------+-----+--------+

Top non-repeatable levels by time:
     D:1: 97 daAuts
